 Dungeon Crawl Stone Soup version 0.28.0-53-g5a82cb258f (webtiles) character file.

Game seed: 7343610264858541462

78 Plasmagod the Covered (level 4, -12/29 HPs)
             Began as a Gargoyle Fighter on July 27, 2022.
             Killed by divine providence
             ... invoked by an orc priest
              (15 damage)
             ... on level 4 of the Dungeon.
             The game lasted 00:04:35 (2758 turns).

Plasmagod the Covered (Gargoyle Fighter)            Turns: 2758, Time: 00:04:35

Health: -12/29     AC: 11    Str: 19    XL:     4   Next: 36%
Magic:  4/4        EV:  9    Int:  9    God:
Gold:   112        SH:  4    Dex: 11    Spells: 3/3 levels left

rFire   + . .      SeeInvis .   a - +0 flail
rCold   + . .      Faith    .   c - +0 buckler
rNeg    + . .      Spirit   .   b - +0 scale mail
rPois   ∞          Reflect  .   (no helmet)
rElec   +          Harm     .   (no cloak)
rCorr   +          Rampage  .   (no gloves)
Will    .....                   i - +0 pair of boots
Stlth   ..........              (no amulet)
HPRegen 0.09/turn               (no ring)
MPRegen 0.09/turn               (no ring)

@: resistant
A: sickness immunity, AC +3, negative energy resistance 1, electricity
resistance, torment resistance 1, petrification resistance
a: no special abilities


You were on level 4 of the Dungeon.
You visited 1 branch of the dungeon, and saw 4 of its levels.

You collected 112 gold pieces.

Inventory:

Hand Weapons
 a - a +0 flail (weapon)
 l - a +0 hand crossbow
Missiles
 m - 25 bolts
Armour
 b - a +0 scale mail (worn)
 c - a +0 buckler (worn)
 i - a +0 pair of boots (worn)
Scrolls
 e - 2 scrolls of noise {unknown}
 f - a scroll of fog {unknown}
 g - 2 scrolls of identify {unknown}
 n - a scroll of enchant weapon {unknown}
Potions
 d - a potion of might
 h - a potion of curing {unknown}
 j - a potion of flight {unknown}
 k - a potion of resistance


   Skills:
 + Level 3.8 Fighting
 + Level 2.9 Maces & Flails
 + Level 4.0 Armour
 + Level 0.6 Dodging
 + Level 3.7 Shields


You had 3 spell levels left.
You didn't know any spells.
Your spell library contained the following spells:

 Spells                   Type           Power      Damage    Failure   Level
 Animate Skeleton         Necr           0%         N/A       83%         1
 Pain                     Necr           0%         1d4       83%         1
 Ignite Poison            Fire/Tmut/Pois 0%         N/A       99%         3
 Mephitic Cloud           Conj/Pois/Air  0%         N/A       99%         3
 Vampiric Draining        Necr           0%         2d6       99%         3
 Freezing Cloud           Conj/Ice/Air   0%         6-21      100%        5


Dungeon Overview and Level Annotations

Branches:
Dungeon (4/15)
 Temple: D:4-7

Altars:

Annotations:
D:3 3 runed translucent doors, Plasmagod's ghost, amateur HOFi


Innate Abilities, Weirdness & Mutations

You are immune to sickness and miasma.
Your stone body is resilient. (AC +3)
You are immune to poison.
You resist negative energy. (rN+)
You are resistant to electric shocks. (rElec)
You are resistant to unholy torment.
You are immune to petrification.


Message History

You block the orc's attack.
You hit the orc.
The orc is severely wounded.
The orc hits you but does no damage.
An orc priest comes into view. It is wielding a +0 hand axe.
You closely miss the orc.
The orc is severely wounded.
An orc priest comes into view. It is wielding a +0 short sword.
You closely miss the orc.
The orc is severely wounded.
The orc priest shouts!
The orc hits you but does no damage. x2
You closely miss the orc.
The orc is severely wounded.
The orc hits you but does no damage. x2; The orc hits you with a +0 flail!
You sock the orc!
You kill the orc!
The orc hits you but does no damage. You block the orc's attack.
The orc hits you but does no damage.
The orc priest invokes the aid of Beogh against you.
Beogh smites you!
The orc priest looks satisfied for a moment.
The orc priest looks satisfied for a moment.
You closely miss the orc. The orc closely misses you.
The orc priest invokes the aid of Beogh against you.
Beogh smites you!
* * * LOW HITPOINT WARNING * * *
You barely miss the orc. The orc misses you. The orc closely misses you.
It was a potion of resistance.
You feel protected. The orc barely misses you.
Okay, then.
You barely miss the orc. You block the orc's attack.
The orc priest looks satisfied for a moment.
Sorry, you're not good enough to have a special ability.
You barely miss the orc. The orc barely misses you.
The orc priest mumbles some strange prayers to Beogh against you.
Beogh smites you!
Ouch! That really hurt!
You die...

..##############.####...#
......................>.#
..####.........#.#.######
#+####.........#.#.#
...............#.#.#
......##'###...#.#.#
......##'###...#.#.#...
......#....#...#.#.#..#
......#....#...#@#.##.#
......#....#...#.#.#...
#+#+###....# #o#.#..#
#....# #.#.#..#
#....#####o#.#..#
####..oo.o.#.#.<#
##o######.##.# #.# #....#
#o###########.#


You could see 2 orc priests and an orc.

Vanquished Creatures
  2 adders (D:3)
  2 dart slugs (D:1)
  2 orcs
  8 endoplasms
  3 giant cockroaches (D:3)
  2 hobgoblins (D:2)
  A jackal (D:3)
  2 quokkas
  4 ball pythons (D:1)
  3 frilled lizards
  10 goblins
  6 kobolds
  6 rats
51 creatures vanquished.

Notes
Turn   | Place    | Note
-------+----------+-------------------------------------------
     0 | D:1      | Plasmagod the Gargoyle Fighter began the quest for the Orb.
     0 | D:1      | Reached XP level 1. HP: 14/14 MP: 1/1
   195 | D:1      | Reached XP level 2. HP: 17/19 MP: 2/2
  1043 | D:2      | Found a faded altar of an unknown god.
  1067 | D:2      | Reached XP level 3. HP: 20/24 MP: 3/3
  1815 | D:3      | Reached XP level 4. HP: 5/29 MP: 4/4
  2131 | D:3      | Found a runed translucent gate.
  2131 | D:3      | Found a runed translucent gate.
  2131 | D:3      | Found a runed translucent gate.
  2161 | D:3      | Noticed Plasmagod's ghost (amateur HOFi)
  2253 | D:3      | Reached skill level 4 in Armour
  2758 | D:4      | Killed from afar by an orc priest

Illustrated notes

Levels and vault maps discovered:
D:1:      onia_arrival_mini_maze, layout_rooms, chequers_serial_rivers_micro_c
D:2:      layout_loops_ring, shapermc_ecumenical_altar_pompeii
D:3:      layout_basic, gammafunk_ghost_icy, st_stairs_14
D:4:      layout_basic, minmay_temple_entry_enclosed_plants

Skill      XL: |  1  2  3  4 |
---------------+-------------+-----
Armour         | 4 |  4.0
Fighting       | |  3.8
Maces & Flails | |  2.9
Dodging        | |  0.6
Shields        | |  3.7

Action                   |  1- 3 |  4- 6 || total
-------------------------+-------+-------++-------
Melee: Flail             |   117 |    36 ||   153
 Fire: Hand crossbow     |       |     2 ||     2
  Use: Potion            |       |     1 ||     1
Armor: Scale mail        |    73 |    17 ||    90
Dodge: Dodged            |    69 |    10 ||    79
Block: Buckler           |    30 |    15 ||    45
